 Dungeon Crawl Stone Soup version 0.21.0-3-g78d12a8 (webtiles) character file.

51 mopl the Slasher (level 3, 0/21 HPs)
             Began as a Tengu Skald on Jan 9, 2018.
             Slain by a shadow imp (2 damage)
             ... summoned by Natasha
             ... on level 2 of the Dungeon.
             The game lasted 00:01:22 (1415 turns).

mopl the Slasher (Tengu Skald)                      Turns: 1415, Time: 00:01:23

Health: 0/21       AC:  3    Str: 11    XL:     3   Next: 81%
Magic:  4/7        EV: 12    Int: 13    God:
Gold:   50         SH:  0    Dex: 14    Spells: 1/6 levels left

rFire    . . .     SeeInvis .   a - +0 falchion
rCold    . . .     Gourm    .   (no shield)
rNeg     . . .     Faith    .   b - +0 leather armour
rPois    .         Spirit   .   (helmet restricted)
rElec    .         Reflect  .   (no cloak)
rCorr    .         Harm     .   (no gloves)
MR       .....                  (boots unavailable)
Stlth    +.........             (no amulet)
HPRegen  0.07/turn              (no ring)
MPRegen  0.10/turn              (no ring)

@: no status effects
A: beak, talons 3
a: no special abilities


You were on level 2 of the Dungeon.
You were not hungry.

You visited 1 branch of the dungeon, and saw 2 of its levels.

You collected 50 gold pieces.

Inventory:

Hand Weapons
 a - a +0 falchion (weapon)
Missiles
 k - 2 tomahawks (quivered)
Armour
 b - a +0 leather armour (worn)
Scrolls
 h - a scroll of immolation {unknown}
Potions
 e - a potion of resistance {unknown}
 f - 2 potions of mutation {unknown}
 g - a potion of ambrosia {unknown}
 i - a potion of might {unknown}
 l - 2 potions of invisibility {unknown}
Books
 c - a book of Battle

   Spells                             Type                      Level
   a - Infusion                       Charms                       1
   b - Shroud of Golubria             Charms/Translocation         2
   c - Song of Slaying                Charms                       2
   d - Spectral Weapon                Hexes/Charms                 3
   e - Regeneration                   Charms/Necromancy            3
Comestibles
 d - 2 rations
 j - a chunk of flesh


   Skills:
 - Level 2.0 Fighting
 + Level 4.4 Long Blades
 - Level 1.1 Armour
 - Level 2.1 Dodging
 - Level 2.0 Spellcasting
 - Level 2.4 Charms


You had one spell level left.
You knew the following spells:

 Your Spells              Type           Power        Failure   Level  Hunger
a - Infusion              Chrm           #...         12%         1    ##.....
b - Song of Slaying       Chrm           #.......     19%         2    ###....
f - Shroud of Golubria    Chrm/Tloc      #.........   30%         2    ###....


Dungeon Overview and Level Annotations

Branches:
Dungeon (2/15)

Altars:
Makhleb

Annotations:
D:2 Natasha


Innate Abilities, Weirdness & Mutations

You have a beak for a mouth.
You have claws for feet.


Message History

Natasha closely misses you.
You riposte.
You completely miss Natasha.
Natasha is severely wounded.
You closely miss Natasha.
Natasha is severely wounded.
Natasha hisses.
Natasha casts a spell.
Unknown command.
You barely miss Natasha. Your kick misses Natasha.
Natasha is severely wounded.
Natasha claws you.
* * * LOW HITPOINT WARNING * * *
The shadow imp hits you.
* * * LOW HITPOINT WARNING * * *
Natasha closely misses you.
You closely miss Natasha.
Natasha is severely wounded.
You feel yourself speed up.
You are no longer magically infusing your attacks.
The shadow imp hits you.
You die...

#.# #.##
########.###.###
#.#####.# # #.#
#.......# #. #.#
####.####
#.###.# #.#
#.#.....# #.#
#......######
#.#####
#.####........
#.....########.#
#.####..#
#####....5@h...#
#.####..#
############
#.......#
#...#...#
#...#...#
#........
#.....#.#
#..<.....
#.......#
#.#....##


You could see Natasha and a shadow imp.

Vanquished Creatures
  An adder (D:2)
  A worm (D:2)
  2 dart slugs (D:1)
  4 leopard geckos
  2 bats
  2 giant cockroaches (D:2)
  6 goblins
  2 hobgoblins (D:2)
  A quokka (D:2)
  2 frilled lizards
  3 kobolds (D:2)
  4 rats
30 creatures vanquished.

Notes
Turn   | Place    | Note
-------+----------+-------------------------------------------
     0 | D:1      | mopl the Tengu Skald began the quest for the Orb.
     0 | D:1      | Reached XP level 1. HP: 12/12 MP: 4/4
     3 | D:1      | Noticed an electric eel
     3 | D:1      | Noticed an electric eel
   437 | D:1      | Reached skill level 3 in Long Blades
   437 | D:1      | Reached XP level 2. HP: 14/17 MP: 3/6
   442 | D:1      | Learned a level 2 spell: Song of Slaying
   445 | D:1      | Learned a level 2 spell: Shroud of Golubria
  1003 | D:2      | Reached XP level 3. HP: 16/21 MP: 0/7
  1125 | D:2      | Reached skill level 4 in Long Blades
  1289 | D:2      | Found a faded altar of an unknown god.
  1363 | D:2      | Found a burning altar of Makhleb.
  1402 | D:2      | Noticed Natasha
  1415 | D:2      | Slain by a shadow imp

Skill      XL: |  1  2  3 |
---------------+----------+-----
Long Blades    | 3 4 |  4.4
Fighting       | |  2.0
Armour         | |  1.1
Dodging        | |  2.1
Spellcasting   | |  2.0
Charms         | |  2.4

Action                   || total
-------------------------++-------
Melee: Falchion          ||    76
       Kick              ||    14
       Peck              ||     7
 Cast: Infusion          ||     6
       Shroud of Golubri ||     1
  Eat: Chunk             ||     2
Armor: Leather armour    ||    13
Dodge: Dodged            ||    51
       Rpst.: Falchion   ||    13
